 Dungeon Crawl Stone Soup version 0.29.0-4-gdea44cf6ec (webtiles) character file.

Game seed: 3341724415915365246

12170 qw the Grappler (level 11, -2/104 HPs)
             Began as a Troll Cinder Acolyte on Sept 2, 2022.
             Was a Believer of Ignis.
             Slain by a catoblepas (12 damage)
             ... in a Gauntlet.
             The game lasted 00:05:56 (9951 turns).

qw the Grappler (Troll Cinder Acolyte)              Turns: 9951, Time: 00:05:57

Health: -2/104     AC: 20    Str: 30    XL:     11   Next: 58%
Magic:  11/11      EV:  4    Int: 16    God:    Ignis [**....]
Gold:   528        SH: 11    Dex:  7    Spells: 12/12 levels left

rFire   + . .      SeeInvis +     - Unarmed
rCold   + . .      Faith    .   k - +2 kite shield
rNeg    . . .      Spirit   .   b - +5 animal skin "Pigaseobb" {Str+5 Int+2 Dex+3}
rPois   +          Reflect  .   a - +1 hat {Stlth+}
rElec   .          Harm     .   o - +1 cloak {Will+}
rCorr   +          Rampage  .   (gloves unavailable)
Will    +....      NoTele   +   (boots unavailable)
Stlth   ++........              d - amulet of regeneration
HPRegen 1.87/turn               g - ring "Hiwem" {rPois rC+ rCorr Str-2 SInv}
MPRegen 0.12/turn               (no ring)

@: petrifying, fiery-armoured, very slow
A: large, unfitting armour, claws 3, regeneration 1, shaggy fur 2, tough skin 1,
clever 1, poison resistance
a: Renounce Religion, Fiery Armour, Foxfire Swarm, Rising Flame


You were in a Gauntlet.
You worshipped Ignis.
Ignis was pleased with you.
You visited 1 branch of the dungeon, and saw 11 of its levels.
You also visited: Sewer and Gauntlet.

You collected 528 gold pieces.


Innate Abilities, Weirdness & Mutations

You are too large for most types of armour.
You have claws for hands.
Your natural rate of healing is unusually fast.
You are covered in thick fur. (AC +2)
You have tough skin. (AC +1)
Your mind is acute. (Int +4, Str/Dex -1)
Your system is resistant to poisons. (rPois)


   Skills:
 - Level 5.4 Fighting
 - Level 1.2 Throwing
 - Level 2.2 Armour
 - Level 2.1 Dodging
 - Level 10.0 Shields
 + Level 13.5 Unarmed Combat
 - Level 1.0 Spellcasting
 - Level 2.1 Fire Magic


You had 12 spell levels left.
You didn't know any spells.
Your spell library contained the following spells:

 Spells                   Type           Power      Damage    Failure   Level
 Scorch                   Fire           14%        2d5       26%         2

Inventory:

Missiles
 i - 2 boomerangs (quivered)
Armour
 a - a +1 hat of stealth (worn)
 b - the +5 animal skin "Pigaseobb" (worn) {Str+5 Int+2 Dex+3}
   (You acquired it on level 1 of the Dungeon)

   Str:       It affects your strength (+5).
   Int:       It affects your intelligence (+2).
   Dex:       It affects your dexterity (+3).
 k - a +2 kite shield (worn)
 o - a +1 cloak of willpower (worn)
Jewellery
 d - an amulet of regeneration (around neck)
 g - the ring "Hiwem" (left claw) {rPois rC+ rCorr Str-2 SInv}
   (You acquired it on level 1 of the Dungeon)

   [ring of poison resistance]

   Str:       It affects your strength (-2).
   rC:        It protects you from cold.
   rPois:     It protects you from poison.
   SInv:      It lets you see invisible.
   rCorr:     It protects you from acid and corrosion.
 r - a ring of resist corrosion
Scrolls
 l - 2 scrolls of teleportation
 m - a scroll of identify
Potions
 e - 4 potions of curing
 f - a potion of mutation
 h - a potion of heal wounds
 n - a potion of might
 p - a potion of degeneration {unknown}
 q - a potion of ambrosia {unknown}

Dungeon Overview and Level Annotations

Branches:
Dungeon (11/15)            Temple (0/1) D:7            Lair (0/5) D:11
    Orc (0/2) D:10          Sewer (visited)         Gauntlet (1/1)

Altars:
Elyvilon
Hepliaklqana
Makhleb
Nemelex Xobeh
Xom

Shops:
D:5 :

Annotations:
D:4 2 runed translucent doors, qw's ghost, amateur TrCA
D:7 1 runed translucent door, qw's ghost, novice TrCA
D:10 1 transporter, qw's ghost, journeyman TrCA Gauntlet 21 runed translucent doors, 9 transporters


Message History

You feel much better.
You are engulfed in calcifying dust.
You are slowing down.
The gargoyle hurls a stone arrow at you.
You block the stone arrow.
The molten gargoyle hits you with a +0 morningstar!
You are engulfed in flames.
You resist.
The catoblepas breathes a plume of calcifying dust at you.
The blast of calcifying dust hits you!
The blast of calcifying dust hits the molten gargoyle but does no damage.
The molten gargoyle hits you with a +0 flail!
You are engulfed in flames.
You resist.
The molten gargoyle completely resists.
You block the gargoyle's attack.
9950 ||| DRINKING potion of cancellation.
You feel limber!
You feel magically purged.
You are engulfed in calcifying dust.
You are slowing down.
The gargoyle barely misses you. The molten gargoyle barely misses you.
You block the catoblepas's attack.
The molten gargoyle blasts magma at you!
The bolt of magma hits you!! You partially resist.
You block the gargoyle's attack.
9951 ||| DRINKING 2 potions of heal wounds.
You feel much better.
The gargoyle hits you but does no damage.
The gargoyle is burned by your cloak of flames.
The gargoyle is moderately damaged.
You block the molten gargoyle's attack.
The gargoyle hits you but does no damage.
The molten gargoyle hits you but does no damage.
The molten gargoyle completely resists.
The catoblepas barely misses you.
The molten gargoyle blasts magma at you!
The bolt of magma hits you! You partially resist.
The gargoyle hurls a stone arrow at you.
The stone arrow hits you!
The molten gargoyle hits you with a +0 morningstar!!
You are engulfed in flames.
You resist. The gargoyle hits you with a +0 mace. The catoblepas gores you!!
You die...

.....8.....8...............##
##
.............###########...¤#
.#########...#..^.~....#...##
.#....#[.#...#~~¤.~~.¤~#...~#
.#.##.#:[#####.^~~..¤..#...##
.#.##^'###...#.¤¤¤~~^~$#...~#
^#^...'.^#^8^#.¤~¤.~^.^#.8¤##
.#####'###...#¤¤99¤~^¤[#..¤¤#
.#.......#####~Y@9.¤~.¤#...##
.#.......#...#.~~9¤¤~¤.#...¤#
.#########...#..^~~...)#.¤.##
.............###########..¤~#
.....8.....8...............##
..................8......8.~#
~#¤#~#~#~#~#........¤¤¤....##
#############¤#¤#~#~#¤#¤#~##
###############


You could see a catoblepas, 2 molten gargoyles and 2 gargoyles.

Vanquished Creatures
  Erolcha (D:9)
  4 two-headed ogres
  Erica (D:8)
  A manticore (D:9)
  Maurice (D:9)
  Maggie (D:9)
  Psyche (D:9)
  A komodo dragon (D:10)
  An unseen horror (D:10)
  A queen bee (D:8)
  Grinder (Sewer)
  6 shadows
  5 yaks (D:10)
  A steam dragon (D:8)
  An acid dragon (D:8)
  A water moccasin (D:7)
  2 orc warriors
  Duvessa (D:5)
  4 ice beasts
  A sky beast (D:6)
  A black bear (D:6)
  An ogre (D:6)
  4 centaurs
  A phantom (Sewer)
  2 kobold brigands (Sewer)
  2 bullfrogs
  2 gnoll sergeants
  2 necrophages
  8 wights
  Dowan (D:5)
  19 killer bees (D:8)
  4 electric eels (D:9)
  5 howler monkeys
  7 orc priests
  5 hounds
  3 iguanas
  9 orc wizards
  10 adders
  13 gnolls
  2 river rats (D:3)
  3 shadow imps
  2 white imps (D:5)
  6 ufetubi
  An adder zombie (Sewer)
  A worm (D:2)
  A dart slug (D:5)
  27 orcs
  3 ball pythons
  3 endoplasms
  3 giant cockroaches
  10 goblins
  3 hobgoblins
  3 jackals (D:2)
  23 kobolds
  3 quokkas
  3 bats
  A frilled lizard (D:2)
  8 rats
241 creatures vanquished.

Vanquished Creatures (others)
  5 demonic plants
  24 plants
29 creatures vanquished.

Grand Total: 270 creatures vanquished

Notes
Turn   | Place    | Note
-------+----------+-------------------------------------------
     0 | D:1      | qw the Troll Cinder Acolyte began the quest for the Orb.
     0 | D:1      | Reached XP level 1. HP: 22/22 MP: 1/1
     0 | D:1      | 0 ||| qw: Version: 0.1-a-97-g2dd2ca4
     0 | D:1      | 0 ||| qw: Game counter: 5003
     0 | D:1      | 0 ||| qw: Always use a shield: true
     0 | D:1      | 0 ||| qw: God list: Okawaru
     0 | D:1      | 0 ||| qw: Allow faded altars: false
     0 | D:1      | 0 ||| qw: Do Orc after D:15 true
     0 | D:1      | 0 ||| qw: Do second Lair branch before Depths: true
     0 | D:1      | 0 ||| qw: Lair rune preference: random
     0 | D:1      | 0 ||| qw: Plans: Normal
     0 | D:1      | 0 ||| PLANNING D:1-11
    24 | D:1      | Reached XP level 2. HP: 29/29 MP: 2/2
   153 | D:1      | 153 ||| Stepping ~*~*~tactically~*~*~ (stealth).
   160 | D:1      | 160 ||| Stepping ~*~*~tactically~*~*~ (stealth).
   164 | D:1      | 164 ||| Stepping ~*~*~tactically~*~*~ (stealth).
   194 | D:1      | Found a faded altar of an unknown god.
   222 | D:1      | Reached skill level 4 in Unarmed Combat
   534 | D:1      | 534 ||| UPGRADING to amulet of regeneration.
   539 | D:1      | 539 ||| READING scroll labelled MUUGGE RERO.
   543 | D:1      | 543 ||| READING 3 scrolls labelled DYCZEO DEOTUYCS.
   543 | D:1      | Identified 3 scrolls of acquirement
   543 | D:1      | 543 ||| ACQUIRING +5 animal skin "Pigaseobb" {Str+5 Int+2
                  | Dex+3}
   543 | D:1      | Acquired the +5 animal skin "Pigaseobb" {Str+5 Int+2 Dex+3}
   545 | D:1      | 545 ||| UPGRADING to +5 animal skin "Pigaseobb" {Str+5
                  | Int+2 Dex+3}.
   555 | D:1      | 555 ||| DROPPING +0 robe.
   556 | D:1      | 556 ||| READING 2 scrolls of acquirement.
   556 | D:1      | 556 ||| ACQUIRING +1 hat of stealth
   556 | D:1      | Acquired a +1 hat of stealth
   558 | D:1      | 558 ||| UPGRADING to +1 hat of stealth.
   563 | D:1      | 563 ||| READING scroll of acquirement.
   563 | D:1      | 563 ||| ACQUIRING ring "Hiwem" {rPois rC+ rCorr Str-2 SInv}
   563 | D:1      | Acquired the ring "Hiwem" {rPois rC+ rCorr Str-2 SInv}
   565 | D:1      | 565 ||| UPGRADING to ring "Hiwem" {rPois rC+ rCorr Str-2
                  | SInv}.
   649 | D:2      | 649 ||| Stepping ~*~*~tactically~*~*~ (stealth).
   654 | D:2      | 654 ||| Stepping ~*~*~tactically~*~*~ (stealth).
   658 | D:2      | 658 ||| Stepping ~*~*~tactically~*~*~ (stealth).
   664 | D:2      | Reached XP level 3. HP: 36/36 MP: 3/3
   862 | D:2      | Reached XP level 4. HP: 42/44 MP: 4/4
   876 | D:2      | Reached skill level 5 in Unarmed Combat
   947 | D:2      | 947 ||| Stepping ~*~*~tactically~*~*~ (stealth).
   949 | D:2      | 949 ||| Stepping ~*~*~tactically~*~*~ (stealth).
   959 | D:2      | 959 ||| Stepping ~*~*~tactically~*~*~ (hiding).
   962 | D:2      | 962 ||| INVOKING Fiery Armour.
  1058 | D:2      | Reached XP level 5. HP: 50/50 MP: 5/5
  1100 | D:2      | 1100 ||| Stepping ~*~*~tactically~*~*~ (stealth).
  1102 | D:2      | 1102 ||| Stepping ~*~*~tactically~*~*~ (stealth).
  1106 | D:2      | 1106 ||| Stepping ~*~*~tactically~*~*~ (stealth).
  1109 | D:2      | 1109 ||| Stepping ~*~*~tactically~*~*~ (stealth).
  1120 | D:2      | 1120 ||| Stepping ~*~*~tactically~*~*~ (stealth).
  1122 | D:2      | 1122 ||| Stepping ~*~*~tactically~*~*~ (stealth).
  1135 | D:2      | 1135 ||| Stepping ~*~*~tactically~*~*~ (stealth).
  1137 | D:2      | 1137 ||| Stepping ~*~*~tactically~*~*~ (stealth).
  1301 | D:3      | 1301 ||| PLANNING SEWER
  1441 | D:3      | 1441 ||| READING scroll labelled EROPNO VIWYET.
  1589 | D:3      | Noticed a sky beast
  1637 | D:3      | 1637 ||| READING scroll labelled ILAFUTEENN.
  1638 | D:3      | 1638 ||| READING scroll labelled IFUNIX DUIXOKY.
  1639 | D:3      | 1639 ||| READING scroll labelled COLEXYOBLI.
  1759 | D:3      | 1759 ||| STAIRDANCE
  1768 | D:3      | 1768 ||| STAIRDANCE
  1778 | D:3      | 1778 ||| Stepping ~*~*~tactically~*~*~ (stealth).
  1799 | D:3      | Reached skill level 6 in Unarmed Combat
  1804 | D:3      | Found a glowing drain.
  1827 | Sewer    | Entered a sewer
  1858 | Sewer    | Reached skill level 1 in Dodging
  1949 | Sewer    | 1949 ||| Stepping ~*~*~tactically~*~*~ (hiding).
  1970 | Sewer    | Found an ancient bone altar of Kikubaaqudgha.
  1971 | Sewer    | 1971 ||| INVOKING Fiery Armour.
  1978 | Sewer    | 1978 ||| Stepping ~*~*~tactically~*~*~ (outnumbered).
  1983 | Sewer    | 1983 ||| Stepping ~*~*~tactically~*~*~ (outnumbered).
  1984 | Sewer    | 1984 ||| Stepping ~*~*~tactically~*~*~ (outnumbered).
  1986 | Sewer    | 1986 ||| Stepping ~*~*~tactically~*~*~ (outnumbered).
  1987 | Sewer    | 1987 ||| Stepping ~*~*~tactically~*~*~ (outnumbered).
  1988 | Sewer    | 1988 ||| Stepping ~*~*~tactically~*~*~ (outnumbered).
  1991 | Sewer    | 1991 ||| Stepping ~*~*~tactically~*~*~ (outnumbered).
  1998 | Sewer    | Reached XP level 6. HP: 56/59 MP: 6/6
  2026 | Sewer    | Reached skill level 7 in Unarmed Combat
  2043 | Sewer    | Noticed Grinder
  2050 | Sewer    | Paralysed by Grinder for 5 turns
  2051 | Sewer    | Killed Grinder
  2052 | Sewer    | Reached skill level 8 in Unarmed Combat
  2052 | Sewer    | Reached XP level 7. HP: 66/66 MP: 7/7
  2091 | Sewer    | 2091 ||| Stepping ~*~*~tactically~*~*~ (outnumbered).
  2096 | Sewer    | Reached skill level 3 in Fighting
  2195 | Sewer    | 2195 ||| DRINKING 5 red potions.
  2227 | D:3      | 2227 ||| PLANNING D:1-11
  2235 | D:3      | Found a hazy altar of Hepliaklqana.
  2279 | D:3      | 2279 ||| Stepping ~*~*~tactically~*~*~ (stealth).
  2281 | D:3      | 2281 ||| Stepping ~*~*~tactically~*~*~ (stealth).
  2482 | D:3      | 2482 ||| READING scroll labelled VOSYASM MOES.
  2483 | D:3      | 2483 ||| DRINKING 2 orange potions.
  2484 | D:3      | 2484 ||| DROPPING potion of brilliance.
  2534 | D:4      | 2534 ||| Stepping ~*~*~tactically~*~*~ (stealth).
  2536 | D:4      | 2536 ||| Stepping ~*~*~tactically~*~*~ (stealth).
  2546 | D:4      | 2546 ||| Stepping ~*~*~tactically~*~*~ (outnumbered).
  2547 | D:4      | 2547 ||| Stepping ~*~*~tactically~*~*~ (outnumbered).
  2556 | D:4      | 2556 ||| INVOKING Fiery Armour.
  2563 | D:4      | 2563 ||| Stepping ~*~*~tactically~*~*~ (stealth).
  2579 | D:4      | 2579 ||| Stepping ~*~*~tactically~*~*~ (stealth).
  2602 | D:4      | 2602 ||| Stepping ~*~*~tactically~*~*~ (stealth).
  2770 | D:4      | Found a large runed translucent door.
  2770 | D:4      | Found a large runed translucent door.
  2772 | D:4      | Noticed qw's ghost (amateur TrCA)
  2982 | D:4      | Found a burning altar of Makhleb.
  3056 | D:4      | 3056 ||| UPGRADING to +0 kite shield.
  3061 | D:4      | 3061 ||| READING scroll labelled SYNOMO IF DEMI.
  3085 | D:5      | Entered Level 5 of the Dungeon
  3102 | D:5      | Reached skill level 1 in Shields
  3213 | D:5      | 3213 ||| Stepping ~*~*~tactically~*~*~ (hiding).
  3283 | D:5      | 3283 ||| Stepping ~*~*~tactically~*~*~ (hiding).
  3331 | D:5      | 3331 ||| Stepping ~*~*~tactically~*~*~ (stealth).
  3332 | D:5      | 3332 ||| Stepping ~*~*~tactically~*~*~ (hiding).
  3337 | D:5      | Reached XP level 8. HP: 75/75 MP: 8/8
  3340 | D:5      | Reached skill level 3 in Shields
  3468 | D:5      | Noticed Dowan
  3469 | D:5      | 3469 ||| Stepping ~*~*~tactically~*~*~ (hiding).
  3571 | D:5      | 3571 ||| Stepping ~*~*~tactically~*~*~ (hiding).
  3673 | D:5      | 3673 ||| Stepping ~*~*~tactically~*~*~ (hiding).
  3775 | D:5      | 3775 ||| Stepping ~*~*~tactically~*~*~ (hiding).
  3778 | D:5      | Killed Dowan
  3801 | D:5      | Noticed Duvessa
  3811 | D:5      | Killed Duvessa
  3955 | D:5      | Found Taos's Tremendous Tomes.
  4190 | D:5      | Found a white marble altar of Elyvilon.
  4200 | D:5      | Found a sparkling altar of Nemelex Xobeh.
  4236 | D:5      | 4236 ||| Stepping ~*~*~tactically~*~*~ (hiding).
  4338 | D:5      | 4338 ||| Stepping ~*~*~tactically~*~*~ (hiding).
  4623 | D:5      | 4623 ||| Stepping ~*~*~tactically~*~*~ (hiding).
  4725 | D:5      | 4725 ||| Stepping ~*~*~tactically~*~*~ (hiding).
  4987 | D:5      | 4987 ||| READING scroll labelled QUEWAQOSAQE.
  4988 | D:5      | 4988 ||| READING scroll labelled JOACVA PYKAUG.
  4989 | D:5      | 4989 ||| DRINKING 2 dark potions.
  4990 | D:5      | 4990 ||| DRINKING 2 glowing orange potions.
  4990 | D:5      | Gained mutation: You are covered in thick fur. (AC +2)
                  | [potion of mutation]
  4990 | D:5      | Gained mutation: You have hidden genetic potential. [potion
                  | of mutation]
  4991 | D:5      | 4991 ||| READING 3 scrolls of identify.
  4991 | D:5      | 4991 ||| IDENTIFYING bubbling clear potion
  4992 | D:5      | 4992 ||| READING 2 scrolls of identify.
  4992 | D:5      | 4992 ||| IDENTIFYING sedimented brown potion
  4993 | D:5      | 4993 ||| DROPPING potion of invisibility.
  5063 | D:6      | 5063 ||| Stepping ~*~*~tactically~*~*~ (stealth).
  5154 | D:6      | Reached skill level 6 in Shields
  5235 | D:6      | Reached skill level 9 in Unarmed Combat
  5414 | D:6      | 5414 ||| Stepping ~*~*~tactically~*~*~ (stealth).
  5421 | D:6      | Reached XP level 9. HP: 81/81 MP: 9/9
  5446 | D:6      | 5446 ||| Stepping ~*~*~tactically~*~*~ (hiding).
  5606 | D:6      | You fall into a shaft and drop 1 floor!
  5623 | D:7      | 5623 ||| READING 4 scrolls of identify.
  5623 | D:7      | 5623 ||| IDENTIFYING clear potion
  5624 | D:7      | 5624 ||| READING 3 scrolls of identify.
  5624 | D:7      | 5624 ||| IDENTIFYING emerald potion
  5625 | D:7      | 5625 ||| READING 2 scrolls of identify.
  5625 | D:7      | 5625 ||| IDENTIFYING fizzy blue potion
  5626 | D:7      | 5626 ||| DROPPING potion of attraction.
  5627 | D:7      | 5627 ||| DROPPING potion of magic.
  5628 | D:7      | 5628 ||| DROPPING potion of flight.
  5856 | D:7      | 5856 ||| Stepping ~*~*~tactically~*~*~ (stealth).
  5869 | D:7      | Gained mutation: Your system is resistant to poisons.
                  | (rPois) [hidden potential]
  5916 | D:7      | Noticed qw's ghost (novice TrCA)
  5917 | D:7      | Found a runed translucent door.
  5935 | D:7      | Reached skill level 10 in Unarmed Combat
  5949 | D:7      | 5949 ||| READING 3 scrolls of identify.
  5949 | D:7      | 5949 ||| IDENTIFYING bubbling puce potion
  5950 | D:7      | 5950 ||| READING 2 scrolls of identify.
  5950 | D:7      | 5950 ||| IDENTIFYING smoky puce potion
  5951 | D:7      | 5951 ||| DROPPING potion of lignification.
  5952 | D:7      | 5952 ||| READING 2 scrolls of teleportation.
  5956 | D:7      | 5956 ||| INVOKING Fiery Armour.
  5960 | D:7      | 5960 ||| Stepping ~*~*~tactically~*~*~ (outnumbered).
  5984 | D:7      | Found a staircase to the Ecumenical Temple.
  6229 | D:7      | 6229 ||| Stepping ~*~*~tactically~*~*~ (stealth).
  6231 | D:7      | 6231 ||| Stepping ~*~*~tactically~*~*~ (stealth).
  6368 | D:7      | 6368 ||| Stepping ~*~*~tactically~*~*~ (hiding).
  6470 | D:7      | 6470 ||| Stepping ~*~*~tactically~*~*~ (hiding).
  6572 | D:7      | 6572 ||| Stepping ~*~*~tactically~*~*~ (hiding).
  6674 | D:7      | 6674 ||| Stepping ~*~*~tactically~*~*~ (hiding).
  6776 | D:7      | 6776 ||| Stepping ~*~*~tactically~*~*~ (hiding).
  6878 | D:7      | 6878 ||| Stepping ~*~*~tactically~*~*~ (hiding).
  6980 | D:7      | 6980 ||| Stepping ~*~*~tactically~*~*~ (hiding).
  7083 | D:7      | 7083 ||| Stepping ~*~*~tactically~*~*~ (hiding).
  7084 | D:7      | 7084 ||| Stepping ~*~*~tactically~*~*~ (hiding).
  7189 | D:7      | 7189 ||| UPGRADING to +2 kite shield.
  7199 | D:7      | 7199 ||| DROPPING +0 kite shield.
  7203 | D:8      | 7203 ||| Stepping ~*~*~tactically~*~*~ (stealth).
  7205 | D:8      | 7205 ||| Stepping ~*~*~tactically~*~*~ (stealth).
  7208 | D:8      | 7208 ||| Stepping ~*~*~tactically~*~*~ (hiding).
  7213 | D:8      | 7213 ||| Stepping ~*~*~tactically~*~*~ (outnumbered).
  7214 | D:8      | 7214 ||| Stepping ~*~*~tactically~*~*~ (outnumbered).
  7219 | D:8      | 7219 ||| Stepping ~*~*~tactically~*~*~ (outnumbered).
  7222 | D:8      | 7222 ||| Stepping ~*~*~tactically~*~*~ (outnumbered).
  7223 | D:8      | 7223 ||| Stepping ~*~*~tactically~*~*~ (outnumbered).
  7226 | D:8      | 7226 ||| INVOKING Fiery Armour.
  7231 | D:8      | HP: 20/84 [orc priest/divine providence (15)]
  7232 | D:8      | 7232 ||| READING 2 scrolls of teleportation.
  7232 | D:8      | HP: 8/84 [orc priest/divine providence (14)]
  7233 | D:8      | 7233 ||| DRINKING 4 potions of heal wounds.
  7245 | D:8      | Noticed Erica
  7256 | D:8      | Killed Erica
  7262 | D:8      | Reached skill level 11 in Unarmed Combat
  7262 | D:8      | Reached XP level 10. HP: 60/92 MP: 10/10
  7262 | D:8      | 7262 ||| STAIRDANCE
  7322 | D:8      | Reached skill level 1 in Throwing
  7335 | D:8      | 7335 ||| Stepping ~*~*~tactically~*~*~ (stealth).
  7337 | D:8      | 7337 ||| Stepping ~*~*~tactically~*~*~ (stealth).
  7339 | D:8      | 7339 ||| Stepping ~*~*~tactically~*~*~ (stealth).
  7341 | D:8      | 7341 ||| Stepping ~*~*~tactically~*~*~ (stealth).
  7409 | D:8      | Gained mutation: Your mind is acute. (Int +4, Str/Dex -1)
                  | [hidden potential]
  7409 | D:8      | Lost mutation: You have hidden genetic potential. [hidden
                  | potential expressed]
  7568 | D:8      | 7568 ||| INVOKING Fiery Armour.
  7570 | D:8      | 7570 ||| Stepping ~*~*~tactically~*~*~ (outnumbered).
  7572 | D:8      | 7572 ||| Stepping ~*~*~tactically~*~*~ (outnumbered).
  7582 | D:8      | 7582 ||| Stepping ~*~*~tactically~*~*~ (outnumbered).
  7584 | D:8      | 7584 ||| Stepping ~*~*~tactically~*~*~ (outnumbered).
  7585 | D:8      | 7585 ||| Stepping ~*~*~tactically~*~*~ (outnumbered).
  7588 | D:8      | 7588 ||| Stepping ~*~*~tactically~*~*~ (outnumbered).
  7589 | D:8      | 7589 ||| Stepping ~*~*~tactically~*~*~ (outnumbered).
  7603 | D:8      | Reached skill level 9 in Shields
  7636 | D:8      | 7636 ||| Stepping ~*~*~tactically~*~*~ (stealth).
  7701 | D:8      | 7701 ||| READING scroll labelled MIUPREOGOA.
  7721 | D:9      | Noticed Maurice
  7722 | D:9      | 7722 ||| Stepping ~*~*~tactically~*~*~ (hiding).
  7824 | D:9      | 7824 ||| Stepping ~*~*~tactically~*~*~ (hiding).
  7926 | D:9      | 7926 ||| Stepping ~*~*~tactically~*~*~ (hiding).
  7933 | D:9      | Killed Maurice
  8071 | D:9      | 8071 ||| Stepping ~*~*~tactically~*~*~ (outnumbered).
  8072 | D:9      | 8072 ||| Stepping ~*~*~tactically~*~*~ (outnumbered).
  8073 | D:9      | 8073 ||| Stepping ~*~*~tactically~*~*~ (outnumbered).
  8076 | D:9      | Noticed a two-headed ogre
  8089 | D:9      | Killed a two-headed ogre
  8090 | D:9      | Reached skill level 12 in Unarmed Combat
  8114 | D:9      | 8114 ||| Stepping ~*~*~tactically~*~*~ (stealth).
  8116 | D:9      | 8116 ||| Stepping ~*~*~tactically~*~*~ (stealth).
  8128 | D:9      | 8128 ||| Stepping ~*~*~tactically~*~*~ (stealth).
  8209 | D:9      | 8209 ||| FLEEEEING.
  8210 | D:9      | 8210 ||| FLEEEEING.
  8211 | D:9      | 8211 ||| FLEEEEING.
  8212 | D:9      | 8212 ||| FLEEEEING.
  8213 | D:9      | 8213 ||| FLEEEEING.
  8214 | D:9      | 8214 ||| FLEEEEING.
  8215 | D:9      | 8215 ||| FLEEEEING.
  8216 | D:9      | 8216 ||| FLEEEEING.
  8244 | D:9      | Noticed Psyche
  8245 | D:9      | 8245 ||| INVOKING Fiery Armour.
  8273 | D:9      | Killed Psyche
  8459 | D:9      | Noticed Maggie
  8461 | D:9      | 8461 ||| FLEEEEING.
  8462 | D:9      | 8462 ||| FLEEEEING.
  8463 | D:9      | 8463 ||| FLEEEEING.
  8464 | D:9      | 8464 ||| FLEEEEING.
  8477 | D:9      | Killed Maggie
  8520 | D:9      | Noticed a manticore
  8530 | D:9      | Killed a manticore
  8568 | D:9      | 8568 ||| Stepping ~*~*~tactically~*~*~ (stealth).
  8570 | D:9      | 8570 ||| Stepping ~*~*~tactically~*~*~ (stealth).
  8571 | D:9      | Noticed Erolcha
  8572 | D:9      | 8572 ||| INVOKING Fiery Armour.
  8577 | D:9      | 8577 ||| FLEEEEING.
  8578 | D:9      | 8578 ||| FLEEEEING.
  8579 | D:9      | 8579 ||| FLEEEEING.
  8655 | D:9      | 8655 ||| DRINKING 4 potions of curing.
  8655 | D:9      | 8655 ||| (to cure confusion)
  8657 | D:9      | Killed Erolcha
  8658 | D:9      | Reached XP level 11. HP: 87/104 MP: 11/11
  8794 | D:9      | 8794 ||| UPGRADING to +0 cloak.
  8799 | D:9      | 8799 ||| READING scroll labelled VOSADW JOMO.
  8800 | D:9      | 8800 ||| READING scroll labelled HOASKO XEUG.
  8901 | D:9      | 8901 ||| READING scroll labelled NATIELU HUOHO.
  8902 | D:9      | 8902 ||| READING 2 scrolls of identify.
  8902 | D:9      | 8902 ||| IDENTIFYING sapphire potion
  8940 | D:10     | Entered Level 10 of the Dungeon
  8969 | D:10     | Reached skill level 13 in Unarmed Combat
  8975 | D:10     | 8975 ||| Stepping ~*~*~tactically~*~*~ (hiding).
  8978 | D:10     | 8978 ||| Stepping ~*~*~tactically~*~*~ (stealth).
  9061 | D:10     | Noticed a two-headed ogre
  9070 | D:10     | Killed a two-headed ogre
  9121 | D:10     | Found a shimmering altar of Xom.
  9205 | D:10     | 9205 ||| Stepping ~*~*~tactically~*~*~ (stealth).
  9214 | D:10     | 9214 ||| Stepping ~*~*~tactically~*~*~ (outnumbered).
  9215 | D:10     | 9215 ||| Stepping ~*~*~tactically~*~*~ (outnumbered).
  9216 | D:10     | 9216 ||| Stepping ~*~*~tactically~*~*~ (outnumbered).
  9217 | D:10     | 9217 ||| Stepping ~*~*~tactically~*~*~ (outnumbered).
  9219 | D:10     | 9219 ||| Stepping ~*~*~tactically~*~*~ (outnumbered).
  9220 | D:10     | 9220 ||| Stepping ~*~*~tactically~*~*~ (outnumbered).
  9223 | D:10     | 9223 ||| Stepping ~*~*~tactically~*~*~ (outnumbered).
  9225 | D:10     | 9225 ||| Stepping ~*~*~tactically~*~*~ (outnumbered).
  9226 | D:10     | 9226 ||| Stepping ~*~*~tactically~*~*~ (outnumbered).
  9227 | D:10     | 9227 ||| Stepping ~*~*~tactically~*~*~ (outnumbered).
  9228 | D:10     | 9228 ||| Stepping ~*~*~tactically~*~*~ (outnumbered).
  9229 | D:10     | 9229 ||| Stepping ~*~*~tactically~*~*~ (outnumbered).
  9230 | D:10     | 9230 ||| Stepping ~*~*~tactically~*~*~ (outnumbered).
  9231 | D:10     | 9231 ||| Stepping ~*~*~tactically~*~*~ (outnumbered).
  9232 | D:10     | 9232 ||| Stepping ~*~*~tactically~*~*~ (outnumbered).
  9233 | D:10     | 9233 ||| Stepping ~*~*~tactically~*~*~ (outnumbered).
  9235 | D:10     | 9235 ||| Stepping ~*~*~tactically~*~*~ (outnumbered).
  9236 | D:10     | 9236 ||| Stepping ~*~*~tactically~*~*~ (outnumbered).
  9237 | D:10     | 9237 ||| Stepping ~*~*~tactically~*~*~ (outnumbered).
  9238 | D:10     | 9238 ||| Stepping ~*~*~tactically~*~*~ (outnumbered).
  9239 | D:10     | 9239 ||| Stepping ~*~*~tactically~*~*~ (outnumbered).
  9240 | D:10     | 9240 ||| Stepping ~*~*~tactically~*~*~ (outnumbered).
  9241 | D:10     | 9241 ||| Stepping ~*~*~tactically~*~*~ (outnumbered).
  9242 | D:10     | 9242 ||| Stepping ~*~*~tactically~*~*~ (outnumbered).
  9244 | D:10     | 9244 ||| Stepping ~*~*~tactically~*~*~ (outnumbered).
  9245 | D:10     | 9245 ||| Stepping ~*~*~tactically~*~*~ (outnumbered).
  9246 | D:10     | 9246 ||| Stepping ~*~*~tactically~*~*~ (outnumbered).
  9247 | D:10     | 9247 ||| Stepping ~*~*~tactically~*~*~ (outnumbered).
  9248 | D:10     | 9248 ||| Stepping ~*~*~tactically~*~*~ (outnumbered).
  9249 | D:10     | 9249 ||| Stepping ~*~*~tactically~*~*~ (outnumbered).
  9250 | D:10     | 9250 ||| Stepping ~*~*~tactically~*~*~ (outnumbered).
  9289 | D:10     | Noticed a two-headed ogre
  9297 | D:10     | Killed a two-headed ogre
  9318 | D:10     | 9318 ||| Stepping ~*~*~tactically~*~*~ (hiding).
  9319 | D:10     | 9319 ||| Stepping ~*~*~tactically~*~*~ (hiding).
  9321 | D:10     | 9321 ||| Stepping ~*~*~tactically~*~*~ (hiding).
  9323 | D:10     | 9323 ||| Stepping ~*~*~tactically~*~*~ (hiding).
  9325 | D:10     | 9325 ||| INVOKING Fiery Armour.
  9326 | D:10     | 9326 ||| Stepping ~*~*~tactically~*~*~ (outnumbered).
  9327 | D:10     | 9327 ||| Stepping ~*~*~tactically~*~*~ (outnumbered).
  9328 | D:10     | 9328 ||| Stepping ~*~*~tactically~*~*~ (outnumbered).
  9329 | D:10     | 9329 ||| Stepping ~*~*~tactically~*~*~ (outnumbered).
  9330 | D:10     | 9330 ||| Stepping ~*~*~tactically~*~*~ (outnumbered).
  9331 | D:10     | 9331 ||| Stepping ~*~*~tactically~*~*~ (outnumbered).
  9332 | D:10     | 9332 ||| Stepping ~*~*~tactically~*~*~ (outnumbered).
  9333 | D:10     | 9333 ||| Stepping ~*~*~tactically~*~*~ (outnumbered).
  9336 | D:10     | 9336 ||| Stepping ~*~*~tactically~*~*~ (outnumbered).
  9337 | D:10     | 9337 ||| Stepping ~*~*~tactically~*~*~ (outnumbered).
  9341 | D:10     | 9341 ||| Stepping ~*~*~tactically~*~*~ (outnumbered).
  9345 | D:10     | 9345 ||| Stepping ~*~*~tactically~*~*~ (outnumbered).
  9346 | D:10     | 9346 ||| Stepping ~*~*~tactically~*~*~ (outnumbered).
  9347 | D:10     | 9347 ||| Stepping ~*~*~tactically~*~*~ (outnumbered).
  9352 | D:10     | 9352 ||| Stepping ~*~*~tactically~*~*~ (outnumbered).
  9383 | D:10     | Found a staircase to the Orcish Mines.
  9434 | D:10     | Found a transporter.
  9435 | D:10     | Noticed qw's ghost (journeyman TrCA)
  9435 | D:10     | Noticed a two-headed ogre
  9435 | D:10     | Noticed a two-headed ogre
  9435 | D:10     | Noticed a two-headed ogre
  9520 | D:11     | 9520 ||| PLANNING GAUNTLET
  9629 | D:11     | Noticed a two-headed ogre
  9635 | D:11     | Killed a two-headed ogre
  9670 | D:11     | Found a staircase to the Lair.
  9690 | D:11     | Found a gate leading to a gauntlet.
  9691 | D:11     | 9691 ||| READING 2 scrolls of identify.
  9691 | D:11     | 9691 ||| IDENTIFYING golden potion
  9692 | D:11     | 9692 ||| DROPPING potion of berserk rage.
  9701 | Gauntlet | Entered a Gauntlet
  9701 | Gauntlet | Found a large runed translucent door.
  9701 | Gauntlet | Found a large runed translucent door.
  9701 | Gauntlet | Found a large runed translucent door.
  9701 | Gauntlet | Found a large runed translucent door.
  9701 | Gauntlet | Found a large runed translucent door.
  9701 | Gauntlet | Found a large runed translucent door.
  9701 | Gauntlet | Found a runed translucent door.
  9701 | Gauntlet | Found a transporter.
  9701 | Gauntlet | Found a runed translucent door.
  9701 | Gauntlet | Found a large runed translucent door.
  9701 | Gauntlet | Found a large runed translucent door.
  9701 | Gauntlet | Found a large runed translucent door.
  9701 | Gauntlet | Found a large runed translucent door.
  9701 | Gauntlet | Found a large runed translucent door.
  9701 | Gauntlet | Found a large runed translucent door.
  9704 | Gauntlet | Found a transporter.
  9718 | Gauntlet | Found a transporter.
  9722 | Gauntlet | Found a transporter.
  9725 | Gauntlet | Noticed a hell beast
  9732 | Gauntlet | Found a transporter.
  9750 | Gauntlet | Noticed a hell hog
  9752 | Gauntlet | Found a transporter.
  9765 | Gauntlet | Found a transporter.
  9769 | Gauntlet | Noticed a catoblepas
  9785 | Gauntlet | Found a transporter.
  9789 | Gauntlet | Found a transporter.
  9791 | Gauntlet | Found a runed translucent gate.
  9791 | Gauntlet | Found a runed translucent gate.
  9791 | Gauntlet | Found a runed translucent gate.
  9797 | Gauntlet | Found a transporter.
  9814 | Gauntlet | Found a large runed translucent door.
  9815 | Gauntlet | Found a large runed translucent door.
  9820 | Gauntlet | Found a runed translucent gate.
  9820 | Gauntlet | Found a runed translucent gate.
  9820 | Gauntlet | Found a runed translucent gate.
  9820 | Gauntlet | Noticed a green death
  9822 | Gauntlet | Found a transporter.
  9826 | Gauntlet | Found a transporter.
  9861 | Gauntlet | Found a large runed translucent door.
  9861 | Gauntlet | Found a large runed translucent door.
  9915 | Gauntlet | 9915 ||| UPGRADING to +1 cloak of willpower.
  9925 | Gauntlet | 9925 ||| DROPPING +0 cloak.
  9934 | Gauntlet | 9934 ||| INVOKING Fiery Armour.
  9940 | Gauntlet | 9940 ||| Stepping ~*~*~tactically~*~*~ (cloud).
  9942 | Gauntlet | 9942 ||| DRINKING 2 potions of cancellation.
  9945 | Gauntlet | HP: 14/104 [gargoyle/stone arrow (14)]
  9946 | Gauntlet | 9946 ||| DRINKING 6 potions of heal wounds.
  9947 | Gauntlet | 9947 ||| DRINKING 5 potions of heal wounds.
  9947 | Gauntlet | HP: 5/104 [catoblepas (25)]
  9948 | Gauntlet | 9948 ||| DRINKING 4 potions of heal wounds.
  9949 | Gauntlet | 9949 ||| DRINKING 3 potions of heal wounds.
  9950 | Gauntlet | 9950 ||| DRINKING potion of cancellation.
  9951 | Gauntlet | 9951 ||| DRINKING 2 potions of heal wounds.
  9951 | Gauntlet | Slain by a catoblepas

Levels and vault maps discovered:
D:1:      lemuel_arrival_river_ford, layout_rooms,
          dreamdust_ecumenical_altar_sealed_demon
D:2:      layout_loops_ring
D:3:      layout_basic, lemuel_tele_altar, serial_forest,
          infiniplex_forest_split, infiniplex_forest_lined_3,
          infiniplex_forest_lined_room_3, infiniplex_forest_clump_long,
          infiniplex_forest_split, infiniplex_forest_lined_room_2,
          infiniplex_forest_end_3, infiniplex_forest_clump_large,
          infiniplex_forest_lined_1, portal_sewer_entry_a,
          lightli_corner_chamber
D:4:      layout_rooms, demons_altar, ebering_ghost_disaster_area
D:5:      layout_loops_corners, kennysheep_mini, mainiacjoe_overflow_paths,
          nicolae_shop_i_like_big_books, uniq_duvessa
D:6:      layout_loops_ring, minmay_misc_feat_plants
D:7:      layout_basic, minmay_temple_entry_grid,
          hellmonk_ghost_happy_afterlife, lightli_bailey_entry_fortress,
          st_stairs_14
D:8:      layout_rooms, nicolae_looking_at_the_future, uniq_erica
D:9:      layout_rooms, chequers_big_river, nicolae_figureground_sparkle,
          uniq_maurice, uniq_psyche, uniq_erolcha, uniq_maggie
D:10:     layout_gridville, mainiacjoe_overflow_alcove_4, david_orc_3,
          gammafunk_ghost_smash
D:11:     layout_cave_pods, lair_entry_dummy, gauntlet_entry_generic
Gauntlet: minmay_gauntlet_mixed_oops_all_seconds
          [minmay_gauntlet_arena_77_double_cross,
          minmay_gauntlet_arena_make_your_own_arena,
          minmay_gauntlet_arena_77_run_for_it, nicolae_gauntlet_arena_quarters,
          minmay_gauntlet_arena_77_museum, nicolae_gauntlet_arena_flowing_pool,
          dreamdust_gauntlet_exit_labyrinth]

Skill      XL: |  1  2  3  4  5  6  7  8  9 10 11 |
---------------+----------------------------------+-----
Unarmed Combat | 4 5 6 8 9 11 12 13 | 13.5
Dodging        | 1 2 |  2.1
Fighting       | 3 4 5 |  5.4
Shields        | 2 6 8 9 10 | 10.0
Throwing       | 1 |  1.2
Armour         | 2 |  2.2
Spellcasting   | |  1.0
Fire Magic     | |  2.1

Action                   |  1- 3 |  4- 6 |  7- 9 | 10-12 || total
-------------------------+-------+-------+-------+-------++-------
Melee: Unarmed           |    60 |   123 |   286 |   222 ||   691
       Punch             |       |     2 |     3 |       ||     5
Throw: Boomerang         |       |       |       |    32 ||    32
Invok: Fiery Armour      |       |     2 |     3 |     5 ||    10
  Use: Scroll            |     4 |     4 |    13 |     6 ||    27
       Potion            |       |       |     5 |     8 ||    13
Armor: Robe              |    11 |       |       |       ||    11
       Animal skin       |     8 |    50 |   118 |    86 ||   262
Dodge: Dodged            |    12 |    50 |    84 |    76 ||   222
Block: Kite shield       |       |       |    89 |   150 ||   239

Table legend:
 A = Non-vault XP
 B = Vault XP
 C = Vault XP percentage of total XP
 D = Non-vault monster count
 E = Vault monster count
 F = Vault count percentage of total count
                 A         B        C        D         E       F
            +---------+---------+-------+---------+---------+-------
      Total |   11294 |    6093 |  35.0 |     162 |      79 |  32.8
            +---------+---------+-------+---------+---------+-------
        D:1 |      37 |       0 |   0.0 |      16 |       0 |   0.0
        D:2 |     179 |       1 |   0.6 |      26 |       1 |   3.7
        D:3 |      58 |      28 |  32.6 |       7 |       3 |  30.0
        D:4 |     242 |       0 |   0.0 |      16 |       0 |   0.0
        D:5 |     577 |     200 |  25.7 |      15 |       2 |  11.8
        D:6 |    1211 |       0 |   0.0 |      22 |       0 |   0.0
        D:7 |     865 |     289 |  25.0 |      14 |      14 |  50.0
        D:8 |    1074 |    1731 |  61.7 |      16 |      12 |  42.9
        D:9 |    2202 |    2092 |  48.7 |      13 |       4 |  23.5
       D:10 |    3799 |     266 |   6.5 |      15 |      10 |  40.0
       D:11 |    1050 |       0 |   0.0 |       2 |       0 |   0.0
      Sewer |       0 |     630 | 100.0 |       0 |      29 | 100.0
   Gauntlet |       0 |     856 | 100.0 |       0 |       4 | 100.0
            +---------+---------+-------+---------+---------+-------
